 Dungeon Crawl Stone Soup version 0.28-a0-850-g09de17f5b5 (webtiles) character file.

Game seed: 5828072804409715805

67 wakim the Conjurer (level 3, -3/26 HPs)
             Began as a Draconian Conjurer on Nov 13, 2021.
             Killed by divine providence
             ... invoked by an orc priest
              (12 damage)
             ... on level 2 of the Dungeon.
             The game lasted 00:05:06 (2199 turns).

wakim the Conjurer (Draconian Conjurer)             Turns: 2199, Time: 00:05:07

Health: -3/26      AC:  6    Str:  9    XL:     3   Next: 98%
Magic:  1/6        EV: 12    Int: 19    God:
Gold:   65         SH:  5    Dex:  9    Spells: 4/7 levels left

rFire   . . .      SeeInvis .   a - +0 dagger (holy)
rCold   . . .      Faith    .   (no shield)
rNeg    . . .      Spirit   .   (armour unavailable)
rPois   .          Reflect  +   (helmet restricted)
rElec   .          Harm     .   (no cloak)
rCorr   .          Rampage  .   (no gloves)
Will    .....                   f - +0 pair of boots
Stlth   ++........              b - amulet of reflection
HPRegen 0.08/turn               (no ring)
MPRegen 0.10/turn               (no ring)

@: no status effects
A: AC +5, unfitting armour, cold-blooded
a: no special abilities


You were on level 2 of the Dungeon.
You visited 1 branch of the dungeon, and saw 3 of its levels.

You collected 65 gold pieces.

Inventory:

Hand Weapons
 a - a +0 dagger of holy wrath (weapon)
Armour
 f - a +0 pair of boots (worn)
Jewellery
 b - an amulet of reflection (around neck)
Scrolls
 c - 3 scrolls of identify {unknown}
Potions
 d - a potion of cancellation {unknown}
 e - a potion of lignification {unknown}
 g - a potion of might {unknown}


   Skills:
 - Level 1.7 Dodging
 + Level 2.5 Stealth
 + Level 2.5 Spellcasting
 * Level 4.9 Conjurations


You had 4 spell levels left.
You knew the following spells:

 Your Spells              Type           Power      Damage    Failure   Level
a - Magic Dart            Conj           84%        1d7       2%          1
s - Searing Ray           Conj           42%        2d6       3%          2

Your spell library contained the following spells:

 Spells                   Type           Power      Damage    Failure   Level
 Dazzling Flash           Conj/Hex       22%        N/A       17%         3
 Fulminant Prism          Conj/Hex       5%         3d7       50%         4
 Iskenderun's Mystic Bla  Conj/Tloc      11%        2d4       50%         4


Dungeon Overview and Level Annotations

Branches:
Dungeon (3/15)

Altars:

Annotations:
D:2 1 runed translucent door, Crazy Yiuf


Innate Abilities, Weirdness & Mutations

Your plain brown scales are hard. (AC +5)
You cannot fit into any form of body armour.
You are cold-blooded and may be slowed by cold attacks.


Message History

There is a stone staircase leading down here.
HP restored.
Magic restored.
There is a stone staircase leading down here.
An orc comes into view. It is wielding a +0 club.
An orc priest comes into view. It is wielding a +0 club.
The orc priest shouts!
The orc shouts!
You hear an angry hiss.
An adder comes into view.
An orc comes into view. It is wielding a +0 hand axe.
The searing ray hits the adder.
The adder is heavily wounded. (Press . to maintain the ray.)
A goblin comes into view. It is wielding a +0 dagger.
The searing ray hits the adder.
You kill the adder!
The searing ray hits the orc!
You kill the orc!
An orc comes into view. It is wielding a +0 dagger.
An orc comes into view. It is wielding a +0 club.
You see here an adder corpse.
The searing ray hits the orc priest!
The orc priest is heavily wounded. (Press . to maintain the ray.)
The orc shouts! x2
The orc priest hits you with a +0 club.
You are too depleted to draw on your mana recklessly!
Unknown command.
Without enough magic to sustain it, your searing ray dissipates.
You block the orc priest's attack.
There is a stone staircase leading down here.
You hit the orc priest.
Your tail-slap misses the orc priest.
The orc priest is severely wounded.
The orc priest invokes the aid of Beogh against you.
Beogh smites you!
Ouch! That really hurt!
* * * LOW HITPOINT WARNING * * *
You can't go up here!
Unknown command.
The orc priest mumbles some strange prayers to Beogh against you.
Beogh smites you!
You die...

######### #.......#
. ###.###.# ..
#.###.# ... #.....#
.... #.###.####
..... .
#.###....####......
##.
#........@og)o.....
..
#######.#.###o.....
#. #.#.# ..... #.
#.#.# o.|. ##.
#.#.# ... .. #.#.#
## ##### #.#..
...?. #.### ##...
#.


You could see an orc priest, 2 orcs and a goblin.

Vanquished Creatures
  Jessica (D:2)
  An adder (D:2)
  An orc (D:2)
  5 giant cockroaches (D:1)
  3 goblins
  A hobgoblin (D:2)
  2 jackals (D:1)
  3 kobolds
  3 quokkas
  4 ball pythons
  2 bats
  A frilled lizard (D:1)
  4 rats
31 creatures vanquished.

Notes
Turn   | Place    | Note
-------+----------+-------------------------------------------
     0 | D:1      | wakim the Draconian Conjurer began the quest for the Orb.
     0 | D:1      | Reached XP level 1. HP: 14/14 MP: 3/3
   393 | D:1      | Reached XP level 2. HP: 16/20 MP: 5/5
   396 | D:1      | Learned a level 2 spell: Searing Ray
   955 | D:1      | Found a faded altar of an unknown god.
  1389 | D:2      | Noticed Jessica
  1392 | D:2      | Killed Jessica
  1393 | D:2      | Reached XP level 3. HP: 26/26 MP: 1/6
  1741 | D:2      | Found a runed translucent door.
  1742 | D:2      | Noticed Crazy Yiuf
  2145 | D:2      | You fall into a shaft and drop 1 floor!
  2199 | D:2      | Killed from afar by an orc priest

Illustrated notes

Levels and vault maps discovered:
D:1:      wander_arrival_lonely_grave, layout_basic,
          shapermc_ecumenical_altar_pompeii
D:2:      layout_basic, serial_glass, glass_columns_b, glass_columns_a,
          basic_altar, minmay_3d_cube, uniq_crazy_yiuf_cottage, uniq_jessica
D:3:      layout_basic

Skill      XL: |  1 |
---------------+----+-----
Stealth        | 2 |  2.5
Dodging        | |  1.7
Spellcasting   | |  2.5
Conjurations   | |  4.9

Action                   || total
-------------------------++-------
Melee: Unarmed           ||    74
       Tailslap          ||     9
       Club              ||    13
       Dagger            ||     6
 Cast: Magic Dart        ||     9
       Searing Ray       ||    19
 Stab: Sleeping          ||     1
Armor: Skin              ||    39
Dodge: Dodged            ||    77
Block: Other             ||     1

Table legend: (Time is in decaauts)
 A = Elapsed time spent in this place.
 B = Non-inter-level travel time spent in this place.
 C = Inter-level travel time spent in this place.
 D = Time resting spent in this place.
 E = Time spent auto-exploring this place.
 F = Levels seen in this place.
 G = Mean time per level.
                   A        B        C        D        E       F      G
               +--------+--------+--------+--------+--------+-----+--------+
         Total |   2201 |   2183 |     18 |    175 |   1709 |   3 |  733.7 |
       Dungeon |   2201 |   2183 |     18 |    175 |   1709 |   3 |  733.7 |
               +--------+--------+--------+--------+--------+-----+--------+

Top non-repeatable levels by time:
     D:1: 1356 daAuts
     D:2: 826 daAuts
     D:3: 18 daAuts
